 Dungeon Crawl Stone Soup version 0.29-a0-360-g8ed1089bbe (webtiles) character file.

Game seed: 15950277932455754547

122 Hubjo the Magician (level 4, -4/26 HPs)
             Began as a Deep Elf Fire Elementalist on Apr 28, 2022.
             Was an Initiate of Uskayaw.
             Killed by miscasting Flame Wave (13 damage)
             ... on level 3 of the Dungeon.
             The game lasted 00:07:48 (4458 turns).

Hubjo the Magician (Deep Elf Fire Elementalist)     Turns: 4458, Time: 00:07:49

Health: -4/26      AC:  2    Str:  5    XL:     4   Next: 78%
Magic:  3/12       EV: 13    Int: 20    God:    Uskayaw [......]
Gold:   172        SH:  0    Dex: 17    Spells: 6/11 levels left

rFire   . . .      SeeInvis .   c - +0 dagger
rCold   . . .      Faith    .   (no shield)
rNeg    . . .      Spirit   .   a - +0 robe
rPois   .          Reflect  .   (no helmet)
rElec   .          Harm     .   (no cloak)
rCorr   .          Rampage  .   (no gloves)
Will    .....                   (no boots)
Stlth   +++.......              (no amulet)
HPRegen 0.08/turn               (no ring)
MPRegen 0.13/turn               (no ring)

@: mighty, very slightly contaminated
A: no striking features
a: Renounce Religion


You were on level 3 of the Dungeon.
You worshipped Uskayaw.
Uskayaw was noncommittal.
You visited 1 branch of the dungeon, and saw 3 of its levels.

You collected 172 gold pieces.

Inventory:

Hand Weapons
 c - a +0 dagger (weapon)
Armour
 a - a +0 robe (worn)
Scrolls
 f - a scroll of amnesia
 g - 3 scrolls of holy word
Potions
 b - 2 potions of magic


   Skills:
 * Level 2.2 Fighting
 - Level 2.4 Dodging
 + Level 3.6 Stealth
 + Level 4.0 Spellcasting
 - Level 1.1 Conjurations
 + Level 4.0 Fire Magic


You had 6 spell levels left.
You knew the following spells:

 Your Spells              Type           Power      Damage    Failure   Level
a - Foxfire               Conj/Fire      56%        2x1d6     4%          1
b - Flame Wave            Conj/Fire      14%        2d6       41%         4

Your spell library contained the following spells:

 Spells                   Type           Power      Damage    Failure   Level
 Scorch                   Fire           40%        2d7       3%          2
 Conjure Flame            Conj/Fire      14%        6-21      14%         3
 Inner Flame              Hex/Fire       12%        N/A       17%         3


Dungeon Overview and Level Annotations

Branches:
Dungeon (3/15)

Altars:
Uskayaw

Annotations:
D:3 Sigmund


Message History

Your adder dies!
Your adder's corpse dissolves into shadows!
You swap places.
The goblin hits your orc with a +0 dagger.
You conjure some foxfire!
The goblin hits your orc with a +0 dagger.
There is not enough space to conjure foxfire!
You feel very mighty all of a sudden. The goblin barely misses your orc.
This spell is potentially lethal to cast!
Memorise Flame Wave, consuming 4 spell levels and leaving 6?
The goblin closely misses your orc.
You start memorising the spell.
You continue memorising.
The goblin hits your orc but does no damage.
Your orc hits the goblin with a +1 falchion of holy wrath!
The goblin dies!
You continue memorising.
Your orc dissolves into shadows!
The goblin shoots a sling bullet.
The sling bullet hits your orc priest.
You continue memorising. x2
Your orc priest dissolves into shadows!
You finish memorising.
Spell assigned to 'b'.
Okay, then.
Casting: Foxfire (safe; 4% risk of failure)
Confirm with . or Enter, or press ? or * to list all spells.
The spell is potentially lethal to miscast (41% risk of failure)!
Continue anyway?
Casting: Flame Wave (potentially lethal; 41% risk of failure)
Press: ? - help, Dir - look around, f - activate You miscast Flame Wave.
You are very lightly contaminated with residual magic.
A wave of violent energy washes through your body!
Ouch! That really hurt!
Casting: Flame Wave (potentially lethal; 41% risk of failure)
Confirm with . or Enter, or press ? or * to list all spells.
The spell is potentially lethal to miscast (41% risk of failure)!
Continue anyway?
Casting: Flame Wave (potentially lethal; 41% risk of failure)
Press: ? - help, Dir - look around, f - activate You miscast Flame Wave.
You are caught in a violent explosion!
Ouch! That really hurt!
You die...

.,,* *,,,,,,,,,*
...# *,,,,,,,,,*
...# *****+*****
...# *,* ...# *,*
...#*** *,* ...+,,*
*,*
...##+#####+######
............Og.g@#
###....(...))###g#
#..........# #.#
###..........#######
..'"...........#(g.#
###....O.....#.)gg.#
#..........###gO.#
#..........# #####
##..........# #.#


You could see an ogre and 3 goblins.

Vanquished Creatures
  A gnoll (D:3)
  3 adders
  An ufetubus (D:3)
  2 worms
  A dart slug (D:1)
  An orc (D:3)
  9 bats
  3 endoplasms
  3 giant cockroaches
  4 hobgoblins
  2 jackals (D:2)
  3 quokkas
  5 ball pythons (D:1)
  6 frilled lizards
  10 goblins
  8 kobolds
  3 rats
65 creatures vanquished.

Vanquished Creatures (collateral kills)
  4 goblins (D:3)
4 creatures vanquished.

Vanquished Creatures (others)
  322 foxfires
322 creatures vanquished.

Grand Total: 391 creatures vanquished

Notes
Turn   | Place    | Note
-------+----------+-------------------------------------------
     0 | D:1      | Hubjo the Deep Elf Fire Elementalist began the quest for
                  | the Orb.
     0 | D:1      | Reached XP level 1. HP: 10/10 MP: 6/6
   499 | D:1      | Reached XP level 2. HP: 16/16 MP: 5/8
   638 | D:1      | Found a faded altar of an unknown god.
   670 | D:1      | Prayed at the altar of an unknown god.
   670 | D:1      | Became a worshipper of Uskayaw the Reveller
   670 | D:1      | Reached * piety under Uskayaw
   702 | D:1      | Reached ** piety under Uskayaw
  1135 | D:1      | Reached skill level 1 in Fighting
  1236 | D:1      | Reached *** piety under Uskayaw
  1510 | D:2      | Reached XP level 3. HP: 20/20 MP: 4/9
  2311 | D:2      | Reached XP level 4. HP: 26/26 MP: 7/11
  2704 | D:3      | Noticed a black bear
  3990 | D:3      | Noticed Sigmund
  4427 | D:3      | Noticed an ogre
  4457 | D:3      | Learned a level 4 spell: Flame Wave
  4458 | D:3      | Killed by miscasting Flame Wave

Illustrated notes

Levels and vault maps discovered:
D:1:      dpeg_arrival_arbitrary_a, layout_basic,
          hellmonk_ecumenical_altar_lost_god, serial_glass, glass_columns_a,
          glass_columns_a
D:2:      layout_rooms
D:3:      minmay_thinvault, layout_basic, minmay_ogre_servants, uniq_sigmund

Skill      XL: |  1  2  3  4 |
---------------+-------------+-----
Fighting       | 1 2 |  2.2
Stealth        | 3 |  3.6
Spellcasting   | 4 |  4.0
Fire Magic     | 4 |  4.0
Dodging        | |  2.4
Conjurations   | |  1.1

Action                   |  1- 3 |  4- 6 || total
-------------------------+-------+-------++-------
Melee: Dagger            |    17 |     7 ||    24
 Cast: Foxfire           |   142 |    74 ||   216
Invok: Stomp             |       |     2 ||     2
  Use: Scroll            |       |     7 ||     7
       Potion            |       |     4 ||     4
 Stab: Paralysed         |     1 |       ||     1
       Sleeping          |       |     1 ||     1
Armor: Robe              |     5 |     2 ||     7
Dodge: Dodged            |    20 |    16 ||    36

Table legend: (Time is in decaauts)
 A = Elapsed time spent in this place.
 B = Non-inter-level travel time spent in this place.
 C = Inter-level travel time spent in this place.
 D = Time resting spent in this place.
 E = Time spent auto-exploring this place.
 F = Levels seen in this place.
 G = Mean time per level.
                   A        B        C        D        E       F      G
               +--------+--------+--------+--------+--------+-----+--------+
         Total |   4457 |   4397 |     60 |    348 |   3509 |   3 | 1485.7 |
       Dungeon |   4457 |   4397 |     60 |    348 |   3509 |   3 | 1485.7 |
               +--------+--------+--------+--------+--------+-----+--------+

Top non-repeatable levels by time:
     D:3: 1839 daAuts
     D:1: 1425 daAuts
     D:2: 1191 daAuts
